Map: King Sejong Station LE

Players

MajesticPRO

  • Race: Protoss Protoss
  • League: Platinum
  • Spawn Location: 5:00

DarkMinions - Winner!

  • Race: Zerg Zerg
  • League: Platinum
  • Spawn Location: 11:00

VOD

Have the link to the VOD?

Description

Defending canon rush with a small roach ravager counter push.

Time

  • Played on: June 8, 2016, 6:44 p.m.
  • Length: 4:28
Show
View Real Time Build Order
Export as new Build Order

MajesticPRO Protoss 

Build Orders: Cannon Rush 

Get SALT Encoding   

  12  0:02  Probe (Chrono Boost)  
  13  0:12  Probe (Chrono Boost)  
  14  0:22  Pylon  
  14  0:24  Probe (Chrono Boost)  
  15  0:40  Probe (Chrono Boost)  
  16  0:50  Gateway, Probe (Chrono Boost)  
  16  0:55  Forge  
  17  1:01  Probe (Chrono Boost)  
  18  1:14  Probe (Chrono Boost), Pylon  
  19  1:24  Probe (Chrono Boost)  
  20  1:38  Pylon  
  20  1:39  Probe (Chrono Boost)  
  21  1:41  Assimilator  
  21  1:42  Assimilator  
  21  1:50  Probe (Chrono Boost)  
  22  2:00  Photon Cannon  
  22  2:01  Photon Cannon  
  22  2:06  Pylon  
  22  2:20  Nexus  
  22  2:28  Photon Cannon  
  22  2:36  Photon Cannon  
  21  2:40  Cybernetics Core  
  21  2:46  Probe (Chrono Boost)  
  22  2:57  Probe (Chrono Boost)  
  23  3:07  Probe (Chrono Boost)  
  24  3:18  Probe (Chrono Boost)  
  24  3:19  Stalker  
  27  3:28  Gateway, Probe (Chrono Boost)  
  27  3:34  Probe (Chrono Boost)  
  29  3:39  Probe (Chrono Boost)  
  30  3:44  Probe (Chrono Boost)  
  30  3:47  Twilight Council  
  31  3:49  Probe (Chrono Boost)  
  31  3:52  Gateway  
  31  3:55  Probe (Chrono Boost)  
  33  4:00  Gateway, Probe (Chrono Boost)  
  34  4:12  Gateway  
  34  4:21  Photon Cannon  
Show
View Real Time Build Order
Export as new Build Order

DarkMinions Zerg - Winner!

Build Orders: Hatch First 

Get SALT Encoding   

  12  0:01  Drone  
  13  0:07  Drone  
  14  0:16  Overlord  
  14  0:24  Extractor  
  14  0:27  Drone, Extractor  
  13  0:29  Drone  
  16  0:36  Drone  
  17  0:54  Hatchery  
  16  1:01  Drone  
  17  1:06  Extractor  
  16  1:17  Spawning Pool  
  16  1:18  Drone  
  16  1:22  Drone  
  17  1:26  Drone  
  18  1:41  Drone  
  18  1:42  Drone  
  20  2:11  Zergling x4  
  20  2:12  Zergling x2  
  23  2:20  Roach Warren, Queen  
  24  2:39  Drone x4  
  24  2:41  Overlord  
  28  2:55  Overlord  
  28  3:03  Roach x2  
  28  3:04  Roach x2  
  36  3:19  Roach x2  
  40  3:27  Ravager  
  41  3:28  Ravager  
  41  3:32  Extractor  
  41  3:42  Drone x3  
  41  3:44  Overlord  
  44  3:54  Extractor  
  44  3:55  Ravager  
  45  4:03  Drone x2  
  45  4:04  Drone x5  
  45  4:08  Overlord  
Tags
 
Add a new tag
Caveats
  • Supply blocks, unpowered buildings, or Contaminate may cause inaccurate times.
  • Supply counts are checked every 10 seconds.